 Dungeon Crawl Stone Soup version 0.28.0-53-g5a82cb258f (webtiles) character file.

Game seed: 13362385246337241842

280 PentaManta the Vexing (level 6, -4/32 HPs)
             Began as a Kobold Enchanter on June 16, 2022.
             Killed from afar by an orc wizard (6 damage)
             ... with a puff of flame
             ... on level 4 of the Dungeon.
             The game lasted 00:06:58 (3974 turns).

PentaManta the Vexing (Kobold Enchanter)            Turns: 3974, Time: 00:06:59

Health: -4/32      AC:  4    Str:  6    XL:     6   Next: 52%
Magic:  12/13      EV: 15    Int: 18    God:
Gold:   87         SH:  0    Dex: 15    Spells: 3/14 levels left

rFire   . . .      SeeInvis .   j - +2 short sword (flame)
rCold   . . .      Faith    .   (no shield)
rNeg    + . .      Spirit   .   v - +1 robe {rN+}
rPois   .          Reflect  .   m - +0 helmet
rElec   .          Harm     .   (no cloak)
rCorr   .          Rampage  .   (no gloves)
Will    .....                   (no boots)
Stlth   ++++......              i - amulet of magic regeneration
HPRegen 0.10/turn               (no ring)
MPRegen 0.53/turn               (no ring)

@: no status effects
A: small, no large weapons, nightstalker 3
a: no special abilities


You were on level 4 of the Dungeon.
You visited 1 branch of the dungeon, and saw 4 of its levels.

You collected 278 gold pieces.
You spent 191 gold pieces at shops.

Inventory:

Hand Weapons
 a - a +1 dagger
 j - a +2 short sword of flaming (weapon)
Missiles
 f - 5 boomerangs (quivered)
Armour
 b - a +3 leather armour of cold resistance
 l - a scarf of harm
 m - a +0 helmet (worn)
 v - a +1 robe of positive energy (worn)
Jewellery
 i - an amulet of magic regeneration (around neck)
Wands
 p - a wand of polymorph (12)
 s - a wand of flame (42)
Scrolls
 e - a scroll of silence {unknown}
 g - 3 scrolls of identify {unknown}
 h - a scroll of immolation {unknown}
 k - a scroll of vulnerability {unknown}
 n - a scroll of acquirement {unknown}
 o - a scroll of magic mapping {unknown}
 r - 2 scrolls of noise {unknown}
 t - a scroll of enchant weapon {unknown}
Potions
 c - a potion of invisibility
 d - a potion of curing {unknown}
 q - a potion of brilliance {unknown}


   Skills:
 - Level 1.3 Short Blades
 - Level 2.4 Dodging
 - Level 4.0 Stealth
 + Level 4.8 Spellcasting
 + Level 5.2 Hexes


You had 3 spell levels left.
You knew the following spells:

 Your Spells              Type           Power      Damage    Failure   Level
a - Ensorcelled Hibernat  Hex/Ice        26%        N/A       7%          2
b - Tukima's Dance        Hex            23%        N/A       4%          3
c - Confusing Touch       Hex            23%        N/A       4%          3
d - Dazzling Flash        Conj/Hex       26%        N/A       14%         3

Your spell library contained the following spells:

 Spells                   Type           Power      Damage    Failure   Level
 Sublimation of Blood     Necr           4%         N/A       21%         2
 Wereblood                Tmut           4%         N/A       21%         2
 Summon Hydra             Summ           2%         N/A       100%        7


Dungeon Overview and Level Annotations

Branches:
Dungeon (4/15)
 Temple: D:4-7

Altars:
Gozag

Shops:
D:4 [


Innate Abilities, Weirdness & Mutations

You are small and have problems with some larger weapons.
You are completely attuned to the shadows.


Message History

You hit the orc wizard. You burn the orc wizard.
The orc wizard is heavily wounded.
The orc wizard misses you. Something closely misses you.
You barely miss the orc wizard.
The orc wizard is heavily wounded.
You hear some strange, mumbled words.
You are confused.
The orc wizard barely misses you.
You barely miss the orc wizard.
The orc wizard is heavily wounded.
Something hits you. The orc wizard closely misses you.
Something hits you but does no damage.
You hit the orc wizard. You burn the orc wizard.
The orc wizard is severely wounded.
The orc wizard hits you with a +0 dagger.
Something hits you.
You closely miss the orc wizard.
The orc wizard is severely wounded.
Something hits you.
* * * LOW HITPOINT WARNING * * *
You closely miss the orc wizard.
The orc wizard is severely wounded.
Something hits you but does no damage.
You closely miss the orc wizard.
The orc wizard is severely wounded.
You feel less confused.
The orc wizard hits you with a +0 dagger.
* * * LOW HITPOINT WARNING * * *
You barely miss the orc wizard.
The orc wizard is severely wounded.
Something hits you.
* * * LOW HITPOINT WARNING * * *
Something hits you.
* * * LOW HITPOINT WARNING * * *
You hit something. You burn something.
The orc wizard seems less confused.
The orc wizard completely misses you.
You hear some strange, mumbled words.
A puff of flame appears from out of thin air!
The puff of flame hits you.
You die...

.........#.#.≈≈
#..........#.#.≈≈
............#...#..≈
............#...##..
.............#.#..#..
.............#+#..##.
......).#..........#.
....{.).#............
....@...#............
.....o..#............
........#..........#.
........#.........##.
#########.........#..
.......##..
......#..≈ .....#.§§
#.§§


You could see an orc wizard.

Vanquished Creatures
  A crimson imp (D:4)
  2 jellies (D:3)
  A hound (D:3)
  An iguana (D:4)
  4 adders
  A white imp (D:4)
  An adder skeleton (D:4)
  A worm (D:3)
  A dart slug (D:1)
  7 orcs
  14 endoplasms
  3 giant cockroaches
  4 hobgoblins
  3 quokkas
  5 ball pythons
  4 bats
  2 frilled lizards
  7 goblins
  6 kobolds
  3 rats (D:2)
71 creatures vanquished.

Vanquished Creatures (others)
  2 fungi (D:2)
  5 toadstools (D:2)
7 creatures vanquished.

Grand Total: 78 creatures vanquished

Notes
Turn   | Place    | Note
-------+----------+-------------------------------------------
     0 | D:1      | PentaManta the Kobold Enchanter began the quest for the
                  | Orb.
     0 | D:1      | Reached XP level 1. HP: 10/10 MP: 3/3
   442 | D:1      | Reached XP level 2. HP: 15/15 MP: 5/5
   488 | D:1      | Learned a level 2 spell: Ensorcelled Hibernation
  1004 | D:1      | You fall into a shaft and drop 1 floor!
  1058 | D:2      | Reached XP level 3. HP: 19/19 MP: 7/7
  1244 | D:1      | Learned a level 3 spell: Tukima's Dance
  1248 | D:1      | Learned a level 3 spell: Confusing Touch
  1315 | D:1      | Reached XP level 4. HP: 24/24 MP: 8/8
  1758 | D:2      | Found a faded altar of an unknown god.
  2119 | D:2      | Reached skill level 4 in Hexes
  2702 | D:3      | Reached XP level 5. HP: 28/28 MP: 10/10
  2706 | D:3      | Learned a level 3 spell: Dazzling Flash
  3108 | D:3      | Reached XP level 6. HP: 23/32 MP: 12/12
  3575 | D:4      | Identified the +3 mace of Jenouv {freeze, Will+}
  3601 | D:4      | Found an opulent altar of Gozag.
  3636 | D:4      | Found Roewan's Antique Armour Boutique.
  3648 | D:4      | Bought a runed robe for 81 gold pieces
  3662 | D:4      | Bought a runed leather armour for 110 gold pieces
  3766 | D:4      | Reached skill level 5 in Hexes
  3974 | D:4      | Killed from afar by an orc wizard

Illustrated notes

Levels and vault maps discovered:
D:1:      dpeg_arrival_water_fire, layout_rooms, minivault_26
D:2:      layout_rooms, shapermc_ecumenical_altar_pompeii,
          chequers_serial_rivers_large_a, grunt_decor_junction,
          minmay_misc_feat_tiny, minmay_gold_behind_fungi,
          minmay_misc_feat_hallway, corexii_hall_statues_i
D:3:      layout_basic
D:4:      layout_basic, mainiacjoe_overflow_alcove_1, serial_shops, shop,
          minmay_misc_feat_ornament, minmay_fire_ice_demons

Skill      XL: |  1  2  3  4  5  6 |
---------------+-------------------+-----
Spellcasting   | 3 4 |  4.8
Hexes          | 4 5 |  5.2
Short Blades   | |  1.3
Dodging        | |  2.4
Stealth        | |  4.0

Action                   |  1- 3 |  4- 6 || total
-------------------------+-------+-------++-------
Melee: Dagger            |    26 |       ||    26
       Short sword       |    43 |   126 ||   169
       Punch             |       |     2 ||     2
Throw: Boomerang         |     3 |       ||     3
 Cast: Ensorcelled Hiber |     2 |     5 ||     7
       Confusing Touch   |       |     1 ||     1
       Dazzling Flash    |       |     1 ||     1
 Stab: Sleeping          |    17 |    23 ||    40
Armor: Robe              |    11 |    19 ||    30
Dodge: Dodged            |    47 |    70 ||   117
